 Dungeon Crawl Stone Soup version 0.32-a0-306-gfed3edf829 (webtiles) character file.

Game seed: 10924426428884533751

1167 lunkers the Firebug (level 8, -1/62 (67) HPs)
             Began as an Oni Fire Elementalist on Feb 14, 2024.
             Was an Initiate of Vehumet.
             Slain by a wight
             ... wielding a +2 falchion of freezing
              (2 damage)
             ... on level 5 of the Dungeon.
             The game lasted 00:08:41 (5017 turns).

lunkers the Firebug (Oni Fire Elementalist)         Turns: 5017, Time: 00:08:42

HP:   -1/62 (67)    AC:  3    Str: 13    XL:     8   Next: 40%
MP:   17/26         EV:  9    Int: 18    God:    Vehumet [......]
Gold: 292           SH:  0    Dex:  9    Spells: 13/20 levels left

rFire   . . .        i - +0 falchion
rCold   . . .        (no shield)
rNeg    . . .        a - +0 robe
rPois   .            (helmet restricted)
rElec   .            (no cloak)
rCorr   .            (gloves unavailable)
SInv    .            (boots unavailable)
Will    .....        (no amulet)
Stlth   +            d - ring of magical power
HPRegen 0.30/turn    m - ring of wizardry
MPRegen 0.20/turn

%: wizardry (x1)
@: drained
A: large, unfitting armour, horns 1, tough skin 1, double potion healing,
drunken brawling
a: Renounce Religion


You were on level 5 of the Dungeon.
You worshipped Vehumet.
Vehumet was noncommittal.
You visited 1 branch of the dungeon, and saw 6 of its levels.

You collected 292 gold pieces.

Inventory:

Hand Weapons
 i - a +0 falchion (weapon)
Armour
 a - a +0 robe (worn)
Jewellery
 d - a ring of magical power (left hand)
 m - a ring of wizardry (right hand)
Wands
 j - a wand of paralysis (6)
 s - a wand of mindburst (12)
Scrolls
 e - a scroll of immolation {unknown}
 f - 4 scrolls of fog {unknown}
 g - 3 scrolls of identify {unknown}
 h - a scroll of noise {unknown}
 k - 2 scrolls of revelation {unknown}
 l - a scroll of teleportation {unknown}
 p - 3 scrolls of brand weapon {unknown}
 v - a scroll of enchant weapon {unknown}
 x - a scroll of vulnerability {unknown}
Potions
 b - a potion of magic
 c - 3 potions of attraction {unknown}
 n - 2 potions of curing {unknown}
 o - 2 potions of lignification {unknown}
 q - a potion of heal wounds {unknown}
 r - a potion of resistance {unknown}
 t - a potion of brilliance {unknown}
 u - a potion of degeneration {unknown}
 w - a potion of haste {unknown}


   Skills:
 - Level 1.7 Dodging
 - Level 1.4 Stealth
 + Level 6.6 Spellcasting
 - Level 0.8 Conjurations
 * Level 7.8 Fire Magic


You had 13 spell levels left.
You knew the following spells:

 Your Spells              Type           Power      Damage    Failure   Level
a - Foxfire               Conj/Fire      84%        2x1d8     1%          1
b - Scorch                Fire           68%        2d7       1%          2
c - Flame Wave            Conj/Fire      21%        2d8       8%          4

Your spell library contained the following spells:

 Spells                   Type           Power      Damage    Failure   Level
 Inner Flame              Hex/Fire       20%        N/A       2%          3
 Volatile Blastmotes      Fire/Tloc      40%        2d13      2%          3
 Apportation              Tloc           10%        N/A       4%          1
 Necrotise                Necr           20%        1d5       4%          1
 Sting                    Conj/Alch      28%        1d4       4%          1
 Summon Small Mammal      Summ           20%        N/A       4%          1


Dungeon Overview and Level Annotations

Branches:
Dungeon (6/15)             Temple (0/1) D:4

Altars:
Dithmenos
Fedhas
Hepliaklqana
Vehumet
Xom

Shops:
D:1 *   D:3 !

Annotations:
D:4 exclusion: statue


Innate Abilities, Weirdness & Mutations

You are too large for most types of armour.
You have a pair of small horns on your head.
You have tough skin. (AC +1)
You gain doubled healing and magic from potions.
Whenever you drink a healing potion, you attack all around you.


Message History

The wight hits you with a +3 mace!
You feel drained.
The wight hits you with a +2 falchion of freezing!
The wight freezes you. Something hits you but does no damage.
You climb upwards.
Reactivating autopickup.
There is a stone staircase leading down here.
Casting: Scorch (safe; 1% risk of failure)
Confirm with . or Enter, or press ? or * to list all spells.
Flames lash something.
The wight hits you with a +3 mace.
The wight hits you with a +2 falchion of freezing!
* * * LOW HITPOINT WARNING * * *
You feel drained.
* * * LOW HITPOINT WARNING * * *
The wight freezes you.
* * * LOW HITPOINT WARNING * * *
Casting: Scorch (safe; 1% risk of failure)
Confirm with . or Enter, or press ? or * to list all spells.
Flames lash something.
The wight hits you with a +3 mace.
* * * LOW HITPOINT WARNING * * *
The wight barely misses you.
Unknown command.
Unknown command.
Casting: Scorch (safe; 1% risk of failure)
Confirm with . or Enter, or press ? or * to list all spells.
Flames lash something.
Vehumet accepts your kill.
You feel a bit more experienced. The wight hits you with a +3 mace!
* * * LOW HITPOINT WARNING * * *
You feel drained. The wight barely misses you.
Unknown command.
Unknown command.
Casting: Scorch (safe; 1% risk of failure)
Confirm with . or Enter, or press ? or * to list all spells.
Flames lash the wight.
The wight is heavily damaged.
The wight's fire resistance burns away.
The wight closely misses you.
The wight hits you with a +2 falchion of freezing.
* * * LOW HITPOINT WARNING * * *
You feel drained.
You die...

#############
########.......z@z.#
########
....)..........###.#
#.......
#######.######รท#
#.# #.###### #.#
#.###.#######.######
#.#
#.....(............(
#.#
#########.##########
#.# ####.# # #.#
####....# # #.#
####..######


You could see 2 wights.

Vanquished Creatures
  A water moccasin (D:5)
  A sky beast (D:5)
  An ogre (D:3)
  A kobold brigand (D:4)
  Blork the orc (D:4)
  4 scorpions
  A bombardier beetle (D:3)
  2 hounds
  A jelly (D:5)
  Ijyb (D:4)
  2 sleepcaps (D:5)
  An iguana (D:5)
  An orc wizard (D:5)
  Robin (D:2)
  6 adders
  2 white imps (D:5)
  A dart slug (D:2)
  2 ribbon worms
  7 orcs
  7 endoplasms
  5 giant cockroaches
  14 goblins
  14 hobgoblins
  5 jackals
  2 quokkas
  5 ball pythons
  5 bats
  A frilled lizard (D:2)
  5 kobolds
  9 rats
109 creatures vanquished.

Vanquished Creatures (others)
  A ribbon worm (D:3)
  A quokka (D:3)
  128 foxfires
130 creatures vanquished.

Grand Total: 239 creatures vanquished

Notes
Turn   | Place    | Note
-------+----------+-------------------------------------------
     0 | D:1      | lunkers the Oni Fire Elementalist began the quest for the
                  | Orb.
     0 | D:1      | Reached XP level 1. HP: 16/16 MP: 3/3
    56 | D:1      | Reached skill level 3 in Fire Magic
    56 | D:1      | Reached XP level 2. HP: 10/24 MP: 0/5
   137 | D:1      | Found Tihuoxte's Assorted Antiques.
   230 | D:1      | Learned a level 2 spell: Scorch
   405 | D:1      | Reached XP level 3. HP: 31/31 MP: 0/7
  1272 | D:2      | Reached XP level 4. HP: 39/39 MP: 1/9
  1359 | D:2      | Noticed Robin
  1369 | D:2      | Reached skill level 4 in Fire Magic
  1370 | D:2      | Killed Robin
  1709 | D:2      | Learned a level 4 spell: Flame Wave
  1821 | D:2      | Reached XP level 5. HP: 45/45 MP: 10/10
  2256 | D:3      | Found a shimmering altar of Xom.
  2335 | D:3      | Found a shadowy altar of Dithmenos.
  2439 | D:3      | Found Edaomny's Distillery.
  2470 | D:3      | Found a blossoming altar of Fedhas.
  2604 | D:3      | Noticed an ogre
  2610 | D:3      | Killed an ogre
  2611 | D:3      | Reached skill level 5 in Fire Magic
  2611 | D:3      | Reached XP level 6. HP: 45/53 MP: 4/12
  3029 | D:4      | Found a radiant altar of Vehumet.
  3037 | D:4      | Became a worshipper of Vehumet
  3260 | D:4      | Noticed Ijyb
  3272 | D:4      | Killed Ijyb
  3273 | D:4      | Reached skill level 5 in Spellcasting
  3388 | D:4      | Reached skill level 6 in Fire Magic
  3388 | D:4      | Reached XP level 7. HP: 19/59 MP: 5/14
  3707 | D:4      | Noticed Blork the orc
  3710 | D:4      | Killed Blork the orc
  3839 | D:4      | Found a staircase to the Ecumenical Temple.
  4007 | D:5      | Entered Level 5 of the Dungeon
  4128 | D:5      | Reached skill level 7 in Fire Magic
  4139 | D:5      | Reached XP level 8. HP: 55/67 MP: 4/17
  4918 | D:5      | Found a hazy altar of Hepliaklqana.
  5017 | D:5      | HP: 1/63 [wight/+2 falchion of freezing (4)]
  5017 | D:5      | Slain by a wight

Illustrated notes

Levels and vault maps discovered:
D:1:      minmay_arrival_wavy_path, layout_rooms, serial_shops, shop
D:2:      layout_rooms, minmay_rat_gold_closets, uniq_robin
D:3:      layout_rooms, general_overflow_altar, xom_confusion_cloud,
          nicolae_dithmenos_the_darkroom, serial_shops, shop
D:4:      layout_loops_ring, vehumet_statue, minmay_temple_entry_overgrown,
          uniq_blork_the_orc, uniq_ijyb
D:5:      layout_loops_ring, mainiacjoe_overflow_alcove_1
D:6:      layout_loops_ring, nicolae_elyvilon_peaceful_grove,
          nicolae_uskayaw_dance_hall, uniq_menkaure, uniq_prince_ribbit1

Skill      XL: |  1  2  3  4  5  6  7 |
---------------+----------------------+-----
Fire Magic     | 3 4 5 6 7 |  7.8
Spellcasting   | 3 4 5 6 |  6.6
Dodging        | |  1.7
Stealth        | |  1.4
Conjurations   | |  0.8

Action                     |  1- 3 |  4- 6 |  7- 9 || total
---------------------------+-------+-------+-------++-------
  Melee: Unarmed           |     8 |     1 |       ||     9
         Falchion          |       |    11 |    13 ||    24
         Headbutt          |       |     1 |     2 ||     3
   Cast: Foxfire           |    57 |    87 |     3 ||   147
         Scorch            |     5 |    46 |    52 ||   103
 Armour: Robe              |    21 |    45 |    32 ||    98
  Dodge: Dodged            |    19 |    18 |    19 ||    56

Table legend: (Time is in decaauts)
 A = Elapsed time spent in this place.
 B = Non-inter-level travel time spent in this place.
 C = Inter-level travel time spent in this place.
 D = Time resting spent in this place.
 E = Time spent auto-exploring this place.
 F = Levels seen in this place.
 G = Mean time per level.
                   A        B        C        D        E       F      G
               +--------+--------+--------+--------+--------+-----+--------+
         Total |   5021 |   4910 |    111 |      0 |   4292 |   6 |  836.8 |
       Dungeon |   5021 |   4910 |    111 |      0 |   4292 |   6 |  836.8 |
               +--------+--------+--------+--------+--------+-----+--------+

Top non-repeatable levels by time:
     D:2: 1266 daAuts
     D:4: 1112 daAuts
     D:5: 1011 daAuts
     D:1: 859 daAuts
     D:3: 770 daAuts
     D:6: 2 daAuts
